 Dungeon Crawl Stone Soup version 0.27-a0-1500-g450c7e4133 (webtiles) character file.

Game seed: 2427793953680595839

10825 hatdisgam the Thaumaturge (level 11, -9/74 HPs)
             Began as a Gnoll Venom Mage on July 7, 2021.
             Was a Priest of Hepliaklqana.
             Shot with an arrow by a centaur warrior (15 damage)
             ... on level 11 of the Dungeon on July 8, 2021.
             The game lasted 00:28:19 (13587 turns).

hatdisgam the Thaumaturge (Gnoll Venom Mage)       Turns: 13587, Time: 00:28:19

Health: -9/74      AC: 11    Str:  7    XL:     11   Next: 68%
Magic:  14/23      EV: 15    Int: 20    God:    Hepliaklqana [***...]
Gold:   496        SH:  0    Dex: 14    Spells: 5/26 levels left

rFire    + . .     SeeInvis .   s - +4 long sword of Eternal Vigilance {flame, Int+3}
rCold    . . .     Faith    .   (no shield)
rNeg     . . .     Spirit   .   G - +2 robe {rF+}
rPois    .         Reflect  .   y - +0 helmet
rElec    .         Harm     .   g - scarf {+Inv}
rCorr    .         Rampage  .   x - +0 pair of gloves
Will     .....                  (no boots)
Stlth    ++++......             w - amulet of regeneration
HPRegen  1.22/turn              q - +4 ring of protection
MPRegen  0.18/turn              (no ring)

@: no status effects
A: reduced essence, fangs 1, strong nose, distributed training
a: Renounce Religion, Evoke Invisibility, Ancestor Life: Knight, Ancestor Life:
Battlemage, Ancestor Life: Hexer, Recall Ancestor, Ancestor Identity,
Transference


You were on level 11 of the Dungeon.
You worshipped Hepliaklqana.
Hepliaklqana was most pleased with you.
You visited 1 branch of the dungeon, and saw 11 of its levels.

You collected 496 gold pieces.

Inventory:

Hand Weapons
 b - a +0 spear
 e - a +1 whip of pain
 l - a +0 falchion of holy wrath
 s - the +4 long sword of Eternal Vigilance (weapon) {flame, Int+3}
   (You found it on level 5 of the Dungeon)

   It has been specially enchanted to burn those struck by it, causing extra
   injury to most foes and up to half again as much damage against particularly
   susceptible opponents.
   Big, fiery blades are also staple armaments of hydra-hunters.
   Int:       It affects your intelligence (+3).
Missiles
 m - a throwing net
Armour
 a - a +1 robe
 g - a scarf of invisibility (worn)
 x - a +0 pair of gloves (worn)
 y - a +0 helmet (worn)
 G - a +2 robe of fire resistance (worn)
Jewellery
 d - a ring of ice
 q - a +4 ring of protection (left hand)
 w - an amulet of regeneration (around neck)
 A - a ring of positive energy
Wands
 h - a wand of iceblast (8)
 t - a wand of flame (11)
 v - a wand of charming (7)
 F - a wand of paralysis (11)
Scrolls
 c - 3 scrolls of enchant armour
 f - 2 scrolls of blinking {unknown}
 i - 3 scrolls of amnesia
 j - 3 scrolls of enchant weapon {unknown}
 k - a scroll of noise {unknown}
 n - 8 scrolls of teleportation
 p - a scroll of holy word
 r - 6 scrolls of identify {unknown}
 z - 4 scrolls of vulnerability {unknown}
 B - a scroll of acquirement {unknown}
Potions
 o - 2 potions of brilliance
 u - a potion of resistance {unknown}
 D - a potion of flight {unknown}
 E - a potion of degeneration {unknown}


   Skills:
 + Level 6.5 Fighting
 + Level 6.5 Short Blades
 + Level 6.5 Long Blades
 + Level 6.5 Axes
 + Level 6.5 Maces & Flails
 + Level 6.5 Polearms
 + Level 6.5 Staves
 + Level 6.5 Slings
 + Level 6.5 Bows
 + Level 6.5 Crossbows
 + Level 6.5 Throwing
 + Level 6.5 Armour
 + Level 8.0 Dodging
 + Level 7.8 Stealth
 + Level 6.5 Shields
 + Level 6.5 Unarmed Combat
 + Level 8.3 Spellcasting
 + Level 5.4 Conjurations
 + Level 5.4 Hexes
 + Level 5.4 Summonings
 + Level 5.4 Necromancy
 + Level 5.4 Translocations
 + Level 5.9 Transmutations
 + Level 5.4 Fire Magic
 + Level 5.4 Ice Magic
 + Level 5.4 Air Magic
 + Level 5.4 Earth Magic
 + Level 7.8 Poison Magic
 + Level 7.1 Invocations
 + Level 6.5 Evocations


You had 5 spell levels left.
You knew the following spells:

 Your Spells              Type           Power      Damage    Failure   Level
a - Sting                 Tmut/Pois      100%       1d8       1%          1
b - Sticky Flame          Conj/Fire      30%        2d5       9%          4
c - Mephitic Cloud        Conj/Pois/Air  33%        N/A       1%          3
d - Olgreb's Toxic Radia  Pois           39%        N/A       3%          4
e - Freezing Cloud        Conj/Ice/Air   15%        6-21      24%         5
f - Summon Ice Beast      Ice/Summ       30%        N/A       9%          4

Your spell library contained the following spells:

 Spells                   Type           Power      Damage    Failure   Level
 Animate Skeleton         Necr           60%        N/A       1%          1
 Apportation              Tloc           60%        N/A       1%          1
 Beastly Appendage        Tmut           62%        N/A       1%          1
 Corona                   Hex            33%        N/A       1%          1
 Magic Dart               Conj           100%       1d8       1%          1
 Summon Small Mammal      Summ           100%       N/A       1%          1
 Call Imp                 Summ           30%        N/A       1%          2
 Poisonous Vapours        Pois/Air       68%        N/A       1%          2
 Wereblood                Tmut           31%        N/A       1%          2
 Ignite Poison            Fire/Tmut/Pois 33%        N/A       1%          3
 Spider Form              Tmut/Pois      17%        N/A       1%          3
 Call Canine Familiar     Summ           30%        N/A       2%          3
 Conjure Flame            Conj/Fire      30%        6-21      2%          3
 Dazzling Flash           Conj/Hex       60%        N/A       2%          3
 Gell's Gravitas          Tloc           15%        N/A       2%          3
 Summon Guardian Golem    Hex/Summ       30%        N/A       2%          3
 Teleport Other           Tloc           30%        N/A       2%          3
 Iskenderun's Mystic Bla  Conj/Tloc      30%        2d8       9%          4
 Agony                    Necr           30%        N/A       24%         5
 Silence                  Hex/Air        15%        N/A       24%         5
 Summon Mana Viper        Hex/Summ       30%        N/A       24%         5
 Dispersal                Tloc           15%        N/A       80%         6
 Simulacrum               Ice/Necr       15%        N/A       80%         6
 Starburst                Conj/Fire      15%        8x6d6     80%         6
 Monstrous Menagerie      Summ           15%        N/A       100%        7
 Polar Vortex             Ice            15%        N/A       100%        9


Dungeon Overview and Level Annotations

Branches:
Dungeon (11/15)            Temple (0/1) D:7            Lair (0/6) D:11
    Orc (0/2) D:9

Altars:
Cheibriados
Dithmenos
Elyvilon
Fedhas
Gozag
Hepliaklqana
Kikubaaqudgha
Makhleb
Okawaru
Ru
Trog

Shops:
D:3 *:*   D:5 *

Annotations:
D:9 exclusions: ice statue and obsidian statue


Innate Abilities, Weirdness & Mutations

Your life essence is reduced to manifest your ancestor. (-10% HP)
You have very sharp teeth.
Your uncanny sense of smell can sniff out nearby items.
Your experience applies equally to all skills.


Message History

The sticky flame hits the four-headed hydra.
The four-headed hydra is moderately wounded.
The four-headed hydra is covered in liquid flames!
The four-headed hydra burns!
Something hits Merenptah!
Something barely misses Merenptah.
The centaur warrior shoots an arrow.
The arrow hits you!
Merenptah completely misses something.
The four-headed hydra bites you but does no damage.
The four-headed hydra closely misses you.
The four-headed hydra bites you. x2
* * * LOW HITPOINT WARNING * * *
Something hits Merenptah.
A cyclops comes into view.
The centaur warrior shoots an arrow.
The arrow hits you!
* * * LOW HITPOINT WARNING * * *
Unknown command.
Okay, then.
You feel much better.
The four-headed hydra burns!
Something hits Merenptah.
Something hits Merenptah but does no damage.
Merenptah hits something.
The centaur warrior shoots an arrow.
The arrow hits you!
* * * LOW HITPOINT WARNING * * *
The four-headed hydra completely misses you.
The four-headed hydra bites you but does no damage.
The four-headed hydra closely misses you.
The four-headed hydra misses you.
Something hits Merenptah.
You feel much better.
The four-headed hydra burns!
Something hits Merenptah.
Something closely misses Merenptah.
The centaur warrior shoots an arrow.
The arrow hits you!!
* * * LOW HITPOINT WARNING * * *
Merenptah hits something.
The four-headed hydra bites you but does no damage. x2
The four-headed hydra misses you. The four-headed hydra bites you.
* * * LOW HITPOINT WARNING * * *
Something hits Merenptah.
A tengu warrior comes into view.
It is wielding a +0 great sword and wearing a +0 ring mail of poison resistance.
The tengu warrior shouts!
The four-headed hydra burns!
Something hits Merenptah!
Something barely misses Merenptah.
Merenptah hits something.
The centaur warrior shoots an arrow.
The arrow hits you!
You die...

.. #. #.####
#....# ∆
#....#####
##
#.......>. .
#.....##..#
∆
#?#.c.@....#
#.#.D.######
#.'.R.....#
#.#[.....##
...#......#
#.# #......#
#Q# #....###
#. #..<..##
#......#


You could see the friendly Merenptah the ancestor, a four-headed hydra (burning)
and a centaur warrior.

Vanquished Creatures
  A boulder beetle (D:11)
  A deep elf pyromancer (D:10)
  An ugly thing (D:10)
  Maggie (D:6)
  A troll (D:9)
  A hornet (D:8)
  Prince Ribbit (D:6)
  A blink frog (shapeshifter) (D:11)
  Grinder (D:6)
  A vampire (D:8)
  16 yaks
  Menkaure (D:7)
  A water moccasin (D:8)
  3 acid dragons
  Duvessa (D:4)
  2 black bears (D:6)
  3 orc warriors
  A necrophage (D:7)
  2 phantoms
  4 centaurs
  5 kobold brigands
  3 bullfrogs
  2 scorpions
  2 water moccasin zombies (D:5)
  Dowan (D:4)
  2 killer bees (D:9)
  8 wights
  2 electric eels (D:8)
  A howler monkey (D:5)
  A centaur zombie (D:8)
  A hound (D:5)
  A jelly (D:8)
  2 orc priests (D:7)
  Jessica (D:3)
  Ijyb (D:3)
  A bullfrog skeleton (D:3)
  8 orc wizards
  4 iguanas
  A killer bee zombie (D:7)
  A howler monkey zombie (D:9)
  Robin (D:4)
  6 gnolls
  5 adders
  2 dart slugs
  28 orcs
  A ball python (D:2)
  8 endoplasms
  3 giant cockroaches (D:1)
  14 goblins
  5 hobgoblins
  13 jackals
  17 kobolds
  A quokka (D:1)
  5 bats
  2 frilled lizards
  6 rats
209 creatures vanquished.

Vanquished Creatures (collateral kills)
  Erolcha (D:10)
  A hornet (D:9)
  2 yaks (D:8)
  A steam dragon (D:10)
  A black bear (D:7)
  A sky beast (D:7)
  A centaur (D:8)
  A phantom (D:6)
  2 bullfrogs (D:8)
  A killer bee (D:9)
  2 jellies
  A centaur skeleton (D:6)
  A hound (D:6)
  A bullfrog skeleton (D:6)
  2 iguanas (D:5)
  An orc wizard (D:6)
  An adder (D:6)
  A shadow imp (D:6)
  An ufetubus (D:7)
  4 orcs
  2 goblins (D:4)
  4 kobolds
33 creatures vanquished.

Vanquished Creatures (others)
  10 ancestors
  2 plants (D:8)
12 creatures vanquished.

Grand Total: 254 creatures vanquished

Notes
Turn   | Place    | Note
-------+----------+-------------------------------------------
     0 | D:1      | hatdisgam the Gnoll Venom Mage began the quest for the Orb.
     0 | D:1      | Reached XP level 1. HP: 13/13 MP: 6/6
   349 | D:1      | Reached XP level 2. HP: 13/19 MP: 5/7
   664 | D:1      | Found a faded altar of an unknown god.
   982 | D:2      | Learned a level 2 spell: Poisonous Vapours
  1120 | D:2      | Reached XP level 3. HP: 25/25 MP: 6/9
  1177 | D:2      | Reached skill level 5 in Spellcasting
  1181 | D:2      | Learned a level 3 spell: Mephitic Cloud
  1339 | D:2      | Reached skill level 1 in Invocations
  1890 | D:3      | Noticed Ijyb
  1909 | D:3      | Killed Ijyb
  1910 | D:3      | Reached skill level 1 in Fighting
  1910 | D:3      | Reached skill level 1 in Short Blades
  1910 | D:3      | Reached skill level 1 in Long Blades
  1910 | D:3      | Reached skill level 1 in Axes
  1910 | D:3      | Reached skill level 1 in Maces & Flails
  1910 | D:3      | Reached skill level 1 in Polearms
  1910 | D:3      | Reached skill level 1 in Staves
  1910 | D:3      | Reached skill level 1 in Slings
  1910 | D:3      | Reached skill level 1 in Bows
  1910 | D:3      | Reached skill level 1 in Crossbows
  1910 | D:3      | Reached skill level 1 in Throwing
  1910 | D:3      | Reached skill level 1 in Armour
  1910 | D:3      | Reached skill level 1 in Shields
  1910 | D:3      | Reached skill level 1 in Unarmed Combat
  1910 | D:3      | Reached skill level 1 in Evocations
  1910 | D:3      | Reached XP level 4. HP: 16/32 MP: 0/11
  2081 | D:3      | Reached skill level 1 in Conjurations
  2081 | D:3      | Reached skill level 1 in Hexes
  2081 | D:3      | Reached skill level 1 in Summonings
  2081 | D:3      | Reached skill level 1 in Necromancy
  2081 | D:3      | Reached skill level 1 in Translocations
  2081 | D:3      | Reached skill level 1 in Fire Magic
  2081 | D:3      | Reached skill level 1 in Ice Magic
  2081 | D:3      | Reached skill level 1 in Air Magic
  2081 | D:3      | Reached skill level 1 in Earth Magic
  2086 | D:3      | Learned a level 4 spell: Olgreb's Toxic Radiance
  2161 | D:3      | Found Fyxtio's General Store.
  2188 | D:3      | Found a hazy altar of Hepliaklqana.
  2189 | D:3      | Found a snail-covered altar of Cheibriados.
  2193 | D:3      | Found an ancient bone altar of Kikubaaqudgha.
  2220 | D:3      | Became a worshipper of Hepliaklqana the Forgotten
  2226 | D:3      | Found a burning altar of Makhleb.
  2510 | D:3      | Found Henux's Assorted Antiques.
  2570 | D:3      | Noticed Jessica
  2577 | D:3      | Killed Jessica
  2578 | D:3      | Reached XP level 5. HP: 37/37 MP: 6/12
  2883 | D:3      | Found Kamapnecs's Book Emporium.
  3224 | D:3      | Reached XP level 6. HP: 24/44 MP: 3/13
  3909 | D:4      | Reached skill level 5 in Dodging
  4687 | D:4      | Noticed Duvessa
  4689 | D:4      | Noticed Dowan
  4716 | D:5      | Entered Level 5 of the Dungeon
  5032 | D:5      | Reached XP level 7. HP: 33/50 MP: 12/15
  5367 | D:5      | Reached * piety under Hepliaklqana
  5385 | D:5      | Identified the +4 long sword of Eternal Vigilance {flame,
                  | Int+3}
  5673 | D:4      | Noticed Robin
  5699 | D:4      | Killed Robin
  5954 | D:4      | Killed Duvessa
  5972 | D:4      | Killed Dowan
  5973 | D:4      | Reached skill level 5 in Stealth
  6481 | D:5      | Found Nufin's Neck Hole.
  7003 | D:5      | Reached XP level 8. HP: 51/51 MP: 12/16
  7134 | D:6      | Noticed Maggie
  7158 | D:6      | Killed Maggie
  7251 | D:6      | Noticed Grinder
  7382 | D:6      | Paralysed by Grinder for 7 turns
  7392 | D:6      | Killed Grinder
  7775 | D:6      | Reached XP level 9. HP: 32/58 MP: 18/18
  8443 | D:6      | Noticed Prince Ribbit
  8454 | D:6      | Killed Prince Ribbit
  9098 | D:7      | Noticed Menkaure
  9101 | D:7      | Killed Menkaure
  9122 | D:7      | Found a staircase to the Ecumenical Temple.
  9183 | D:7      | Learned a level 4 spell: Sticky Flame
  9188 | D:7      | Reached ** piety under Hepliaklqana
  9194 | D:7      | Reached skill level 5 in Invocations
  9591 | D:8      | Reached XP level 10. HP: 40/65 MP: 15/20
  9699 | D:8      | Reached skill level 5 in Fighting
  9699 | D:8      | Reached skill level 5 in Short Blades
  9699 | D:8      | Reached skill level 5 in Long Blades
  9699 | D:8      | Reached skill level 5 in Axes
  9699 | D:8      | Reached skill level 5 in Maces & Flails
  9699 | D:8      | Reached skill level 5 in Polearms
  9699 | D:8      | Reached skill level 5 in Staves
  9699 | D:8      | Reached skill level 5 in Slings
  9699 | D:8      | Reached skill level 5 in Bows
  9699 | D:8      | Reached skill level 5 in Crossbows
  9699 | D:8      | Reached skill level 5 in Throwing
  9699 | D:8      | Reached skill level 5 in Armour
  9699 | D:8      | Reached skill level 5 in Shields
  9699 | D:8      | Reached skill level 5 in Unarmed Combat
  9699 | D:8      | Reached skill level 5 in Evocations
 10304 | D:8      | Found an opulent altar of Gozag.
 10309 | D:8      | Found a white marble altar of Elyvilon.
 10310 | D:8      | Found a blossoming altar of Fedhas.
 10310 | D:8      | Found a sacrificial altar of Ru.
 10311 | D:8      | Found a shadowy altar of Dithmenos.
 10313 | D:8      | Found an iron altar of Okawaru.
 10314 | D:8      | Found a bloodstained altar of Trog.
 10829 | D:9      | Noticed an ice statue
 10978 | D:9      | Reached *** piety under Hepliaklqana
 11077 | D:9      | Reached skill level 5 in Transmutations
 11152 | D:9      | Learned a level 5 spell: Freezing Cloud
 11215 | D:9      | Noticed an obsidian statue
 11215 | D:9      | Noticed a centaur warrior
 11249 | D:9      | Found a staircase to the Orcish Mines.
 11274 | D:9      | Learned a level 4 spell: Summon Ice Beast
 11507 | D:9      | Reached XP level 11. HP: 60/72 MP: 17/22
 11751 | D:10     | Entered Level 10 of the Dungeon
 11908 | D:10     | Noticed a deep elf pyromancer
 11922 | D:10     | Killed a deep elf pyromancer
 11990 | D:10     | Reached skill level 5 in Conjurations
 11990 | D:10     | Reached skill level 5 in Hexes
 11990 | D:10     | Reached skill level 5 in Summonings
 11990 | D:10     | Reached skill level 5 in Necromancy
 11990 | D:10     | Reached skill level 5 in Translocations
 11990 | D:10     | Reached skill level 5 in Fire Magic
 11990 | D:10     | Reached skill level 5 in Ice Magic
 11990 | D:10     | Reached skill level 5 in Air Magic
 11990 | D:10     | Reached skill level 5 in Earth Magic
 12693 | D:10     | Noticed Erolcha
 12728 | D:10     | Killed Erolcha
 13415 | D:11     | Noticed a boulder beetle
 13438 | D:11     | Killed a boulder beetle
 13515 | D:11     | Found a staircase to the Lair.
 13519 | D:11     | Noticed a green ugly thing
 13541 | D:10     | Killed a green ugly thing
 13579 | D:11     | Noticed a four-headed hydra
 13580 | D:11     | Noticed a centaur warrior
 13584 | D:11     | Noticed a cyclops
 13585 | D:11     | HP: 2/74 [centaur warrior/arrow (16)]
 13586 | D:11     | Noticed a tengu warrior
 13587 | D:11     | Shot with an arrow by a centaur warrior

Illustrated notes

Levels and vault maps discovered:
D:1:      dpeg_arrival_tiny_k, layout_rooms, ebering_ecumenical_altar_box
D:2:      layout_loops_ring, serial_rivers, chequers_serial_rivers_marsh,
          chequers_serial_rivers_room_b, chequers_serial_rivers_large_b,
          chequers_serial_rivers_room_b, kennysheep_potato
D:3:      layout_loops_ring, grunt_temple_overflow_open,
          overflow_temple_1_default, serial_shops, shop_statue,
          nicolae_shop_behind_doors, shop, uniq_jessica, uniq_ijyb
D:4:      layout_cave_pods, chequers_serial_rivers_micro_e, uniq_duvessa,
          uniq_robin
D:5:      layout_basic, nicolae_shop_sticking_my_neck_out
D:6:      layout_basic, uniq_maggie, uniq_prince_ribbit1, uniq_grinder
D:7:      layout_basic, temple_pool_b, uniq_menkaure
D:8:      layout_loops_cross, minitemple, chequers_big_river,
          chequers_serial_rivers_micro_b
D:9:      minmay_separated_statues, layout_loops_ring, david_orc_2
D:10:     layout_stronghold, kennysheep_diamond, nicolae_zen_rock_garden,
          uniq_erolcha
D:11:     minmay_the_grid_square_5x5_5x5_mashed
          [minmay_the_grid_square_5x5_moneybag,
          minmay_the_grid_square_5x5_dogpile, minmay_the_grid_square_5x5_fat_x,
          minmay_the_grid_square_5x5_shrine1,
          minmay_the_grid_square_5x5_two_walls_a,
          minmay_the_grid_square_5x5_six_small,
          minmay_the_grid_square_5x5_prize_snowflake,
          minmay_the_grid_square_5x5_checkered_sparse,
          minmay_the_grid_square_5x5_prize_pseudospiral,
          minmay_the_grid_square_5x5_fancy_junction,
          minmay_the_grid_square_5x5_eight_small,
          minmay_the_grid_square_5x5_checkered_statues,
          minmay_the_grid_square_5x5_prize_itemx,
          minmay_the_grid_square_5x5_minibox, minmay_the_grid_square_5x5_corner,
          minmay_the_grid_square_5x5_c,
          minmay_the_grid_square_5x5_prize_deathbox,
          minmay_the_grid_square_5x5_broken_cross,
          minmay_the_grid_square_5x5_prize_gold,
          minmay_the_grid_square_5x5_forky,
          minmay_the_grid_square_5x5_spiral_small,
          minmay_the_grid_square_5x5_three, minmay_the_grid_square_5x5_seven,
          minmay_the_grid_square_5x5_minimal,
          minmay_the_grid_square_5x5_sharp_hourglass], layout_rooms,
          minmay_misc_feat_five, bh_walls_and_bars

Skill      XL: |  1  2  3  4  5  6  7  8  9 10 11 |
---------------+----------------------------------+-----
Transmutations | 2 3 4 5 |  5.9
Spellcasting   | 5 6 7 8 |  8.3
Invocations    | 1 2 3 4 5 6 7 |  7.1
Fighting       | 1 2 3 4 5 6 |  6.5
Short Blades   | 1 2 3 4 5 6 |  6.5
Long Blades    | 1 2 3 4 5 6 |  6.5
Axes           | 1 2 3 4 5 6 |  6.5
Maces & Flails | 1 2 3 4 5 6 |  6.5
Polearms       | 1 2 3 4 5 6 |  6.5
Staves         | 1 2 3 4 5 6 |  6.5
Slings         | 1 2 3 4 5 6 |  6.5
Bows           | 1 2 3 4 5 6 |  6.5
Crossbows      | 1 2 3 4 5 6 |  6.5
Throwing       | 1 2 3 4 5 6 |  6.5
Armour         | 1 2 3 4 5 6 |  6.5
Shields        | 1 2 3 4 5 6 |  6.5
Unarmed Combat | 1 2 3 4 5 6 |  6.5
Evocations     | 1 2 3 4 5 6 |  6.5
Conjurations   | 1 2 3 4 5 |  5.4
Hexes          | 1 2 3 4 5 |  5.4
Summonings     | 1 2 3 4 5 |  5.4
Necromancy     | 1 2 3 4 5 |  5.4
Translocations | 1 2 3 4 5 |  5.4
Fire Magic     | 1 2 3 4 5 |  5.4
Ice Magic      | 1 2 3 4 5 |  5.4
Air Magic      | 1 2 3 4 5 |  5.4
Earth Magic    | 1 2 3 4 5 |  5.4
Dodging        | 5 6 7 8 |  8.0
Stealth        | 5 6 7 |  7.8
Poison Magic   | 6 7 |  7.8

Action                   |  1- 3 |  4- 6 |  7- 9 | 10-12 || total
-------------------------+-------+-------+-------+-------++-------
Melee: Spear             |     8 |       |       |       ||     8
       Whip              |    37 |    66 |       |       ||   103
       Bite              |     2 |     5 |    23 |    25 ||    55
       Falchion          |       |     4 |    13 |       ||    17
       Punch             |       |     1 |     1 |     4 ||     6
       Long sword        |       |       |   164 |   175 ||   339
 Cast: Sting             |    50 |    84 |    72 |    81 ||   287
       Mephitic Cloud    |       |     2 |    11 |    14 ||    27
       Poisonous Vapours |       |     7 |       |       ||     7
       Sticky Flame      |       |       |     1 |    24 ||    25
  Use: Potion            |     1 |       |     3 |     2 ||     6
       Scroll            |       |       |     4 |     1 ||     5
 Stab: Sleeping          |     3 |     1 |     6 |     5 ||    15
       Confused          |       |       |     1 |     9 ||    10
       Distracted        |       |       |     1 |     1 ||     2
Armor: Robe              |     9 |     9 |    58 |    56 ||   132
Dodge: Dodged            |    41 |    70 |   152 |   209 ||   472
       Rpst.: Falchion   |       |     3 |     5 |       ||     8
       Long sword        |       |       |    37 |    65 ||   102

Table legend: (Time is in decaauts)
 A = Elapsed time spent in this place.
 B = Non-inter-level travel time spent in this place.
 C = Inter-level travel time spent in this place.
 D = Time resting spent in this place.
 E = Time spent auto-exploring this place.
 F = Levels seen in this place.
 G = Mean time per level.
                   A        B        C        D        E       F      G
               +--------+--------+--------+--------+--------+-----+--------+
         Total |  13713 |  13113 |    600 |    933 |  10141 |  11 | 1246.6 |
       Dungeon |  13713 |  13113 |    600 |    933 |  10141 |  11 | 1246.6 |
               +--------+--------+--------+--------+--------+-----+--------+

Top non-repeatable levels by time:
     D:4: 1972 daAuts
     D:6: 1884 daAuts
    D:10: 1703 daAuts
     D:3: 1690 daAuts
     D:5: 1500 daAuts
     D:8: 1446 daAuts
     D:2: 976 daAuts
     D:1: 927 daAuts
     D:9: 829 daAuts
     D:7: 640 daAuts
    D:11: 141 daAuts
